 Dungeon Crawl Stone Soup version 0.28-b1-70-g80dc712255 (webtiles) character file.

Game seed: 16520153212315606347

13 tizbic2 the Grave Robber (level 2, -5/24 HPs)
             Began as a Troll Necromancer on Feb 3, 2022.
             Was an Initiate of Vehumet.
             Slain by a fire elemental (12 damage)
             ... created by the fiery vengeance of Ignis
             ... on level 1 of the Dungeon.
             The game lasted 00:04:05 (734 turns).

tizbic2 the Grave Robber (Troll Necromancer)         Turns: 734, Time: 00:04:05

Health: -5/24      AC:  4    Str: 15    XL:     2   Next: 24%
Magic:  3/3        EV:  9    Int: 11    God:    Vehumet [......]
Gold:   76         SH:  0    Dex: 10    Spells: 2/3 levels left

rFire   . . .      SeeInvis .   (no weapon)
rCold   . . .      Faith    .   (no shield)
rNeg    . . .      Spirit   .   a - +0 robe
rPois   .          Reflect  .   (helmet restricted)
rElec   .          Harm     .   (no cloak)
rCorr   .          Rampage  .   (gloves unavailable)
Will    .....                   (boots unavailable)
Stlth   +.........              (no amulet)
HPRegen 0.88/turn               (no ring)
MPRegen 0.08/turn               (no ring)

@: fire susceptible
A: large, unfitting armour, claws 3, regeneration 1, shaggy fur 1, tough skin 1
a: Renounce Religion


You were on level 1 of the Dungeon.
You worshipped Vehumet.
Vehumet was noncommittal.
You visited 1 branch of the dungeon, and saw 2 of its levels.

You collected 76 gold pieces.

Inventory:

Missiles
 d - 59 stones
 f - 5 poisoned darts
Armour
 a - a +0 robe (worn)
Scrolls
 b - a scroll of identify
Potions
 c - a potion of curing {unknown}
 e - a potion of might {unknown}
 h - a potion of brilliance {unknown}


   Skills:
 - Level 1.5 Dodging
 - Level 1.0 Stealth
 + Level 1.4 Spellcasting
 * Level 3.6 Necromancy


You had 2 spell levels left.
You knew the following spells:

 Your Spells              Type           Power      Damage    Failure   Level
a - Pain                  Necr           32%        1d5       7%          1

Your spell library contained the following spells:

 Spells                   Type           Power      Damage    Failure   Level
 Animate Skeleton         Necr           16%        N/A       7%          1
 Vampiric Draining        Necr           8%         2d6       21%         3
 Animate Dead             Necr           4%         N/A       56%         4
 Agony                    Necr           8%         N/A       88%         5


Dungeon Overview and Level Annotations

Branches:
Dungeon (2/15)

Altars:
Vehumet
Ignis


Innate Abilities, Weirdness & Mutations

You are too large for most types of armour.
You have claws for hands.
Your natural rate of healing is unusually fast.
You are covered in fur. (AC +1)
You have tough skin. (AC +1)


Message History

The ball python bites you but does no damage.
You scratch the ball python.
You kill the ball python!
Vehumet accepts your kill.
You now have 50 gold pieces (gained 1).
Found a stone staircase leading down.
You now have 65 gold pieces (gained 15).
Found a glowing blue potion.
A hobgoblin comes into view.
You see here a glowing blue potion.
The helpless hobgoblin fails to defend itself.
You scratch the hobgoblin but do no damage.
The hobgoblin hits you but does no damage.
You scratch the hobgoblin.
You kill the hobgoblin!
Vehumet accepts your kill.
h - a glowing blue potion
Found 11 gold pieces.
You now have 76 gold pieces (gained 11).
As you read the scroll labelled VIOCICSUGA, it crumbles to dust.
It is a scroll of identify.
g - a scroll of fog Ignis calls forth spirits of fire to unmake you! 2 fire elementals come into view.
The fire elemental hits you. The fire elemental burns you!
You closely miss the fire elemental. The fire elemental hits you.
The fire elemental burns you!
Ouch! That really hurt!
* * * LOW HITPOINT WARNING * * *
Casting: Pain (safe; 7% risk of failure)
Confirm with . or Enter, or press ? or * to list all spells.
You can't see any susceptible monsters within range! (Use Z to cast anyway.)
Press: ? - help, v - describe, . - travel The floor.
Unknown command.
As you read the scroll of fog, it crumbles to dust.
The scroll dissolves into smoke.
The fire elemental barely misses you. The fire elemental hits you.
The fire elemental burns you!
Ouch! That really hurt!
You die...

...#
#...#######...#
...# #...#
#####.# ...#
#...# #.....#
#### #...#
#.##### ### ####
#.# ..# # #.#
#.### #.#.
#.#### #...#
#...§#### #....#
###.#
#.§E@§######
####.# ###.#
#####E##...#
####.# ....#
#°##.#.####....#
#####
#°...#....#.####
####
#########.#.#
...# #....# ##.#
#..### ...# #..#
######## #..#


You could see 2 fire elementals.

Vanquished Creatures
  A dart slug (D:1)
  2 ball pythons (D:1)
  A giant cockroach (D:1)
  A goblin (D:1)
  A hobgoblin (D:1)
  A quokka (D:1)
  A bat (D:1)
  2 rats (D:1)
10 creatures vanquished.

Notes
Turn   | Place    | Note
-------+----------+-------------------------------------------
     0 | D:1      | tizbic2 the Troll Necromancer began the quest for the Orb.
     0 | D:1      | Reached XP level 1. HP: 16/16 MP: 1/1
    13 | D:1      | Found a faded altar of an unknown god.
    25 | D:1      | Prayed at the altar of an unknown god.
    25 | D:1      | Became a worshipper of Ignis, the Dying Flame
   287 | D:1      | You fall into a shaft and drop 1 floor!
   287 | D:2      | Found a radiant altar of Vehumet.
   299 | D:2      | Fell from the grace of Ignis
   299 | D:2      | Became a worshipper of Vehumet
   312 | D:2      | Noticed an iguana
   386 | D:1      | Reached XP level 2. HP: 24/24 MP: 0/3
   731 | D:1      | Noticed a fire elemental
   731 | D:1      | Noticed a fire elemental
   734 | D:1      | Slain by a fire elemental

Illustrated notes

Levels and vault maps discovered:
D:1:      dpeg_arrival_windows_large_door, layout_basic,
          dreamdust_ecumenical_altar_statues, minmay_domino_2
D:2:      layout_rooms, basic_altar

Action                   || total
-------------------------++-------
Melee: Unarmed           ||    34
 Cast: Pain              ||     5
  Use: Scroll            ||     2
 Stab: Sleeping          ||     1
Armor: Robe              ||    21
Dodge: Dodged            ||    16
